 Dungeon Crawl Stone Soup version 0.30.0-15-g856e2d3f33 (webtiles) character file.

Game seed: 2151047001765807680

431 Jase the Shield-Bearer (level 7, -4/56 HPs)
             Began as a Formicid Fighter on May 18, 2023.
             Slain by an ice beast (8 damage)
             ... on level 6 of the Dungeon.
             The game lasted 00:05:00 (2047 turns).

Jase the Shield-Bearer (Formicid Fighter)           Turns: 2047, Time: 00:05:01

Health: -4/56      AC:  7    Str: 23    XL:     7   Next: 19%
Magic:  7/7        EV:  9    Int:  7    God:
Gold:   178        SH:  5    Dex: 13    Spells: 6/6 levels left

rFire   . . .        a - +0 flail
rCold   . . .        c - +0 buckler
rNeg    . . .        b - +0 scale mail
rPois   .            (helmet unavailable)
rElec   .            (no cloak)
rCorr   .            (no gloves)
SInv    +            (no boots)
Will    .....        (no amulet) Stlth
                     (no ring)
HPRegen 0.29/turn    (no ring)
MPRegen 0.10/turn

%: no passive effects
@: no status effects
A: permanent stasis, dig shafts and tunnels, antennae 3, four strong arms
a: Dig, Shaft Self


You were on level 6 of the Dungeon.
You visited 1 branch of the dungeon, and saw 4 of its levels.

You collected 178 gold pieces.

Inventory:

Hand Weapons
 a - a +0 flail (weapon)
Missiles
 k - a throwing net
Armour
 b - a +0 scale mail (worn)
 c - a +0 buckler (worn)
Wands
 l - a wand of flame (22)
Scrolls
 e - 2 scrolls of teleportation {unknown}
 f - a scroll of poison {unknown}
 g - a scroll of magic mapping {unknown}
 h - a scroll of noise {unknown}
 i - 4 scrolls of identify {unknown}
 j - a scroll of fog {unknown}
Potions
 d - a potion of magic {unknown}


   Skills:
 + Level 5.0 Fighting
 + Level 3.9 Maces & Flails
 + Level 5.0 Armour
 + Level 6.0 Shields


You had 6 spell levels left.
You didn't know any spells.
Your spell library contained the following spells:

 Spells                   Type           Power      Damage    Failure   Level
 Magic Dart               Conj           0%         1d3       78%         1
 Searing Ray              Conj           0%         2d4       89%         2
 Fulminant Prism          Conj/Hex       0%         3d5       100%        4
 Summon Lightning Spire   Summ/Air       0%         N/A       100%        4
 Summon Forest            Summ/Tloc      0%         N/A       100%        5
 Eringya's Noxious Bog    Tmut/Pois      0%         N/A       100%        6
 Storm Form               Tmut/Air       0%         N/A       100%        7
 Summon Hydra             Summ           0%         N/A       100%        7
 Maxwell's Capacitive Co  Air            0%         ∞         100%        8


Dungeon Overview and Level Annotations

Branches:
Dungeon (3/15)

Altars:

Shops:
D:6 (


Innate Abilities, Weirdness & Mutations

You cannot be hasted, slowed, berserked, paralysed or teleported.
You can dig through walls and to a lower floor.
You have a pair of large antennae on your head. (SInv)
Your four strong arms can wield two-handed weapons with a shield.


Message History

The ice beast is moderately wounded.
The ice beast hits you. The ice beast freezes you!
The ice beast hits you but does no damage.
You hit the ice beast but do no damage.
The ice beast is moderately wounded.
The ice beast hits you. The ice beast freezes you!
You are too injured to fight recklessly!
You are too injured to fight recklessly!
You hit the ice beast.
The ice beast is heavily wounded.
The ice beast barely misses you.
You closely miss the ice beast.
The ice beast is heavily wounded.
The ice beast barely misses you.
You barely miss the ice beast.
The ice beast is heavily wounded.
You block the ice beast's attack.
You hit the ice beast but do no damage.
The ice beast is heavily wounded.
The ice beast misses you. The ice beast hits you. The ice beast freezes you!
You hit the ice beast but do no damage.
The ice beast is heavily wounded.
The ice beast hits you but does no damage.
You hit the ice beast.
The ice beast is heavily wounded.
The ice beast hits you but does no damage.
You hit the ice beast.
The ice beast is severely wounded.
The ice beast hits you but does no damage.
You hit the ice beast but do no damage.
The ice beast is severely wounded.
The ice beast hits you but does no damage.
The ice beast hits you. The ice beast freezes you!
* * * LOW HITPOINT WARNING * * *
You closely miss the ice beast.
The ice beast is severely wounded.
The ice beast hits you.
* * * LOW HITPOINT WARNING * * *
The ice beast freezes you!
You die...

#............
#............
#............
########............
#...................
#.......#'#######+####
#.......#....#........
#.......#....#........
#.......#....'@Y......
#.......##+###########
#.............>
#..............
#..............
#..............
#......).......
#..))..........
###'####.......


You could see an ice beast.

Vanquished Creatures
  Sigmund (D:2)
  An ogre (D:6)
  A centaur (D:6)
  A hound (D:6)
  A gnoll (D:2)
  2 adders (D:2)
  A dart slug (D:2)
  9 ball pythons
  5 bats
  11 endoplasms
  2 giant cockroaches
  4 goblins (D:2)
  5 hobgoblins
  A quokka (D:1)
  5 frilled lizards
  5 kobolds
  4 rats
59 creatures vanquished.

Notes
Turn   | Place    | Note
-------+----------+-------------------------------------------
     0 | D:1      | Jase the Formicid Fighter began the quest for the Orb.
     0 | D:1      | Reached XP level 1. HP: 18/18 MP: 1/1
    66 | D:1      | Reached XP level 2. HP: 24/24 MP: 2/2
   317 | D:1      | Reached XP level 3. HP: 29/29 MP: 3/3
   730 | D:2      | Reached XP level 4. HP: 37/37 MP: 4/4
  1064 | D:2      | Noticed Sigmund
  1081 | D:2      | Killed Sigmund
  1082 | D:2      | Reached skill level 5 in Shields
  1082 | D:2      | Reached XP level 5. HP: 9/43 MP: 5/5
  1082 | D:2      | Reached XP level 6. HP: 10/49 MP: 6/6
  1550 | D:2      | Found a faded altar of an unknown god.
  1768 | D:3      | You fall into a shaft and drop 3 floors!
  1774 | D:6      | Found Gucsigro's Antique Weapon Shoppe.
  1817 | D:6      | Noticed an ogre
  1842 | D:6      | Killed an ogre
  1843 | D:6      | Reached skill level 5 in Fighting
  1843 | D:6      | Reached skill level 5 in Armour
  1843 | D:6      | Reached skill level 6 in Shields
  1843 | D:6      | Reached XP level 7. HP: 11/56 MP: 7/7
  2047 | D:6      | Slain by an ice beast

Illustrated notes

Levels and vault maps discovered:
D:1:      minmay_arrival_radiant_lines, layout_basic, minmay_misc_feat_doors,
          dk_noncrumbling_4, kennysheep_minor_cross
D:2:      minmay_skewed_foursquare, layout_basic,
          chequers_ecumenical_altar_lobes, uniq_sigmund
D:3:      minmay_razor_zed, layout_basic, lemuel_doored_altar, xom_redecorated,
          palyth_stone_intersect
D:6:      layout_gridville, bloody_trog, mainiacjoe_overflow_boulevard,
          temple_green, serial_shops, shop, uniq_eustachio

Skill      XL: |  1  2  3  4  5  6 |
---------------+-------------------+-----
Fighting       | 4 5 |  5.0
Maces & Flails | 3 |  3.9
Armour         | 4 5 |  5.0
Shields        | 5 6 |  6.0

Action                     |  1- 3 |  4- 6 |  7- 9 || total
---------------------------+-------+-------+-------++-------
  Melee: Flail             |    86 |    87 |    20 ||   193
    Use: Potion            |       |     1 |       ||     1
 Armour: Scale mail        |    36 |    40 |    11 ||    87
  Dodge: Dodged            |    32 |    43 |     4 ||    79
  Block: Buckler           |    21 |    17 |     5 ||    43
